 Dungeon Crawl Stone Soup version 0.30.1-11-g7821555f0a (webtiles) character file.

Game seed: 6910233308138178779

36 lonewolfV2 the Trooper (level 3, -6/30 HPs)
             Began as a Formicid Fighter on Dec 4, 2023.
             Mangled by a two-headed ogre
             ... wielding a +0 giant club
             ... created by the fury of Okawaru
              (13 damage)
             ... on level 1 of the Dungeon.
             The game lasted 00:01:18 (949 turns).

lonewolfV2 the Trooper (Formicid Fighter)            Turns: 949, Time: 00:01:19

Health: -6/30      AC:  8    Str: 20    XL:     3   Next: 57%
Magic:  3/3        EV:  9    Int:  7    God:
Gold:   149        SH:  5    Dex: 15    Spells: 2/2 levels left

rFire   . . .        a - +0 war axe
rCold   . . .        c - +0 buckler
rNeg    . . .        b - +0 scale mail
rPois   .            (helmet unavailable)
rElec   .            h - +0 cloak
rCorr   .            (no gloves)
SInv    +            (no boots)
Will    .....        (no amulet) Stlth
                     (no ring)
HPRegen 0.25/turn    (no ring)
MPRegen 0.08/turn

%: no passive effects
@: no status effects
A: permanent stasis, dig shafts and tunnels, antennae 3, four strong arms
a: Dig, Shaft Self


You were on level 1 of the Dungeon.
You visited 1 branch of the dungeon, and saw 1 of its levels.

You collected 149 gold pieces.

Inventory:

Hand Weapons
 a - a +0 war axe (weapon)
Armour
 b - a +0 scale mail (worn)
 c - a +0 buckler (worn)
 h - a +0 cloak (worn)
Scrolls
 e - a scroll of enchant weapon {unknown}
 f - a scroll of identify {unknown}
 j - a scroll of teleportation {unknown}
Potions
 d - a potion of might
 g - 2 potions of lignification {unknown}
 i - a potion of cancellation {unknown}
 k - a potion of flight {unknown}


   Skills:
 + Level 4.1 Fighting
 + Level 3.0 Axes
 - Level 3.2 Armour
 - Level 4.0 Shields


You had 2 spell levels left.
You didn't know any spells.
Your spell library contained the following spells:

 Spells                   Type           Power      Damage    Failure   Level
 Dazzling Flash           Conj/Hex       0%         N/A       99%         3
 Ozocubu's Armour         Ice            0%         N/A       99%         3
 Volatile Blastmotes      Fire/Tloc      0%         2d10      99%         3
 Iskenderun's Mystic Bla  Conj/Tloc      0%         2d3       100%        4
 Starburst                Conj/Fire      0%         6d3       100%        6
 Ozocubu's Refrigeration  Ice            0%         4d7       100%        7


Dungeon Overview and Level Annotations

Branches:
Dungeon (1/15)

Altars:
Okawaru

Annotations:
D:1 2 runed translucent doors


Innate Abilities, Weirdness & Mutations

You cannot be hasted, slowed, berserked, paralysed or teleported.
You can dig through walls and to a lower floor.
You have a pair of large antennae on your head. (SInv)
Your four strong arms can wield two-handed weapons with a shield.


Message History

You hit the orc.
You kill the orc!
That felt strangely unrewarding.
The orc wizard hits you with a +0 dagger.
You slash the orc wizard!
You kill the orc wizard!
That felt strangely unrewarding.
Found a robe.
There is a stone staircase leading down here.
Okawaru sends forces against you!
A two-headed ogre comes into view. It is wielding two +0 giant clubs.
You see here 9 stones.
A two-headed ogre is nearby!
A two-headed ogre is nearby!
A two-headed ogre is nearby!
You slash the two-headed ogre!
The two-headed ogre is lightly wounded.
You hit the two-headed ogre.
The two-headed ogre is moderately wounded.
You block the two-headed ogre's attack. The two-headed ogre closely misses you.
You hit the two-headed ogre.
The two-headed ogre is moderately wounded.
The two-headed ogre barely misses you.
The two-headed ogre hits you with a +0 giant club!
You hit the two-headed ogre but do no damage.
The two-headed ogre is moderately wounded.
The two-headed ogre barely misses you.
The two-headed ogre hits you with a +0 giant club.
You hit the two-headed ogre.
The two-headed ogre is moderately wounded.
You hit the two-headed ogre.
The two-headed ogre is heavily wounded.
The two-headed ogre closely misses you.
The two-headed ogre hits you with a +0 giant club.
You hit the two-headed ogre.
The two-headed ogre is heavily wounded.
The two-headed ogre hits you with a +0 giant club.
* * * LOW HITPOINT WARNING * * *
The two-headed ogre hits you with a +0 giant club!
You die...

### ### #.#####.# #.......#
#.#####.# #.# #.# #O# #.#
########@# #.# #########........#
#.########## .................#
#.#.........
.................#####.#.........
....................##.#.........
...............#####.#.#.........
....>(........#.....#..#.........
.............#~.....~..#.........
............#.~~...~.~#..........


You could see a two-headed ogre.

Vanquished Creatures
  An orc wizard (D:1)
  2 dart slugs (D:1)
  4 orcs (D:1)
  3 ball pythons (D:1)
  An endoplasm (D:1)
  6 giant cockroaches (D:1)
  4 hobgoblins (D:1)
  A quokka (D:1)
  3 bats (D:1)
  2 goblins (D:1)
  5 kobolds (D:1)
32 creatures vanquished.

Notes
Turn   | Place    | Note
-------+----------+-------------------------------------------
     0 | D:1      | lonewolfV2 the Formicid Fighter began the quest for the
                  | Orb.
     0 | D:1      | Reached XP level 1. HP: 18/18 MP: 1/1
   121 | D:1      | Reached XP level 2. HP: 21/24 MP: 2/2
   133 | D:1      | Found a large runed translucent door.
   133 | D:1      | Found a large runed translucent door.
   134 | D:1      | Noticed an orc warrior
   330 | D:1      | Found a faded altar of an unknown god.
   343 | D:1      | Prayed at the altar of an unknown god.
   343 | D:1      | Became a worshipper of Warmaster Okawaru
   343 | D:1      | Reached * piety under Okawaru
   485 | D:1      | Reached XP level 3. HP: 30/30 MP: 3/3
   485 | D:1      | Fell from the grace of Okawaru
   943 | D:1      | Noticed a two-headed ogre
   949 | D:1      | Mangled by a two-headed ogre

Illustrated notes

Levels and vault maps discovered:
D:1:      erik_arrival_cave_to_civilisation [erik_arrival_cave_to_temple],
          layout_basic, shapermc_ecumenical_altar_starsandcircs

Skill      XL: |  1  2  3 |
---------------+----------+-----
Fighting       | 4 |  4.1
Axes           | 3 |  3.0
Armour         | |  3.2
Shields        | |  4.0

Action                     || total
---------------------------++-------
  Melee: War axe           ||    70
 Invoke: Renounce Religion ||     1
 Armour: Scale mail        ||    50
  Dodge: Dodged            ||    41
  Block: Buckler           ||    25
